 Dungeon Crawl Stone Soup version 0.25.1-2-g60ff931df9 (webtiles) character file.

Game seed: 10164619395937427425

3116 Delamore the Basher (level 9, -14/54 HPs)
             Began as a Gargoyle Fighter on Sept 12, 2020.
             Was a Follower of Okawaru.
             Killed by divine providence
             ... invoked by an orc priest
              (17 damage)
             ... on level 9 of the Dungeon.
             The game lasted 00:06:55 (8367 turns).

Delamore the Basher (Gargoyle Fighter)              Turns: 8367, Time: 00:06:56

Health: -14/54     AC: 17    Str: 24    XL:     9   Next: 91%
Magic:  9/9        EV:  8    Int:  8    God:    Okawaru [*.....]
Gold:   480        SH:  5    Dex: 15    Spells: 8/8 levels left

rFire    . . .     SeeInvis .   D - +2 mace (protect)
rCold    . . .     Gourm    .   F - +0 buckler
rNeg     + + .     Faith    .   C - +0 chain mail
rPois    ∞         Spirit   .   p - +0 helmet
rElec    +         Reflect  .   E - scarf {repulsion}
rCorr    .         Harm     .   t - +0 pair of gloves
MR       .....                  (no boots)
Stlth    ..........             (no amulet)
HPRegen  0.18/turn              m - +6 ring of dexterity
MPRegen  0.11/turn              n - ring of positive energy

@: marked, repel missiles
A: negative energy resistance 1, electricity resistance, unbreathing,
petrification resistance, rot immunity, AC +6
a: Heroism, Renounce Religion


You were on level 9 of the Dungeon.
You worshipped Okawaru.
Okawaru was aware of your devotion.
You were not hungry.

You visited 2 branches of the dungeon, and saw 10 of its levels.

You collected 480 gold pieces.

Inventory:

Hand Weapons
 a - a +0 flail
 D - a +2 mace of protection (weapon)
Missiles
 b - 2 atropa-tipped darts (quivered)
 G - 6 silver boomerangs
 H - 6 javelins
Armour
 c - a +0 kite shield
 p - a +0 helmet (worn)
 t - a +0 pair of gloves (worn)
 C - a +0 chain mail (worn)
 E - a scarf of repulsion (worn)
 F - a +0 buckler (worn)
 I - a +0 chain mail
Jewellery
 m - a +6 ring of dexterity (left hand)
 n - a ring of positive energy (right hand)
Wands
 q - a wand of disintegration (17)
 u - a wand of paralysis (19)
Scrolls
 e - 2 scrolls of fog
 i - 3 scrolls of identify
 k - 3 scrolls of amnesia {unknown}
 l - a scroll of noise {unknown}
 o - 2 scrolls of enchant armour {unknown}
 r - a scroll of magic mapping {unknown}
 s - 2 scrolls of remove curse
 y - 3 scrolls of fear {unknown}
 B - 7 scrolls of teleportation {unknown}
Potions
 d - a potion of might
 h - a potion of haste {unknown}
 j - a potion of flight {unknown}
 v - a potion of invisibility {unknown}
 x - 2 potions of degeneration
 z - a potion of curing
 A - 3 potions of mutation {unknown}
Comestibles
 f - 14 rations
 J - 4 chunks of flesh


   Skills:
 - Level 5.0 Fighting
 + Level 12.4 Maces & Flails
 - Level 3.2 Armour
 - Level 5.0 Shields


You had 8 spell levels left.
You didn't know any spells.
Your spell library contained the following spells:

 Spells                   Type           Power        Failure   Level  Hunger
 Animate Skeleton         Necr           N/A          97%         1    ##.....
 Apportation              Tloc           #.....       97%         1    ##.....
 Corona                   Hex            #......      97%         1    ##.....
 Summon Small Mammal      Summ           #...         97%         1    ##.....


Dungeon Overview and Level Annotations

Branches:
Dungeon (9/15)             Temple (1/1) D:7
   Lair: D:8-11         Orc: D:9-12

Altars:
Ashenzari
Cheibriados
Dithmenos
Elyvilon
Fedhas
Gozag
Hepliaklqana
Kikubaaqudgha
Makhleb
Nemelex Xobeh
Okawaru
Qazlal
Ru
Trog
Uskayaw
Vehumet
Wu Jian
Xom
Yredelemnul
Zin
The Shining One
Lugonu

Shops:
D:6 =


Innate Abilities, Weirdness & Mutations

You are resistant to torment.
Your stone body is resilient. (AC +6)
You are immune to poison.
You resist negative energy. (rN+)
You are resistant to electric shocks. (rElec)
You can survive without breathing.
You are immune to petrification.
You are immune to rotting.


Message History

The worker ant barely misses you. The killer bee closely misses you.
You block the warg's attack.
The orc wizard gestures wildly while chanting.
The orc wizard flickers and vanishes!
The killer bee completely misses you.
Okay, then.
As you read the scroll labeled XURUDA ACOCEJ, it crumbles to dust.
You feel as if something is helping you.
It was a scroll of remove curse.
The killer bee stings you.
The killer bee stings you but does no damage.
You block the warg's attack.
A hornet comes into view.
The killer bee stings you but does no damage.
The killer bee closely misses you. The shadow imp barely misses you.
The worker ant misses you.
The orc warrior hits you with a +0 mace!
* * * LOW HITPOINT WARNING * * *
The warg bites you but does no damage.
The orc priest mumbles some strange prayers to Beogh against you.
Beogh smites you!
You die...

##................
##......................
..W.....................
........................
.....y..................
........................
.....yyyy.............[.
....yyyayy..............
y...ooh@yr...........)..
....ooho5...............
.....ooo{.............<.
........................
.......{..............##
...####.####.........##
... ..o. #.####...# ..
.... #.# #... . ...
..... #.


You could see a hungry ghost, a hornet, 2 wargs, an orc warrior, a worker ant,
11 killer bees, 3 orc priests, an orc wizard, a shadow imp, 4 orcs and a quokka.

Vanquished Creatures
  A troll (D:7)
  Menkaure (D:6)
  3 ice beasts
  An orc warrior (D:8)
  2 black bears
  An eye of draining (D:8)
  2 ogres
  3 centaurs
  A big kobold (D:8)
  A bullfrog (D:6)
  A water moccasin zombie (D:6)
  2 scorpions
  A howler monkey (D:6)
  5 wights (D:6)
  3 crimson imps
  3 hounds
  2 jellies
  8 orc priests
  A bullfrog skeleton (D:6)
  An iguana (D:8)
  6 orc wizards
  8 worker ants
  A killer bee zombie (D:8)
  A worker ant zombie (D:7)
  Robin (D:2)
  10 adders
  2 shadow imps
  3 adder skeletons
  An adder zombie (D:5)
  2 worms
  A dart slug (D:4)
  5 leopard geckos
  26 orcs
  A ball python (D:6)
  5 giant cockroaches
  6 hobgoblins
  9 jackals
  11 kobolds
  4 quokkas
  6 bats
  4 frilled lizards
  16 goblins
  A quokka zombie (D:9)
  5 rats
178 creatures vanquished.

Notes
Turn   | Place    | Note
-------+----------+-------------------------------------------
     0 | D:1      | Delamore the Gargoyle Fighter began the quest for the Orb.
     0 | D:1      | Reached XP level 1. HP: 14/14 MP: 1/1
   313 | D:1      | Reached XP level 2. HP: 19/19 MP: 2/2
   966 | D:2      | Found a hazy altar of Hepliaklqana.
   966 | D:2      | Found an ornate altar of the Wu Jian Council.
   966 | D:2      | Found an ancient bone altar of Kikubaaqudgha.
   987 | D:2      | Noticed Robin
  1000 | D:2      | Reached XP level 3. HP: 22/24 MP: 3/3
  1176 | D:2      | Killed Robin
  1176 | D:2      | Reached XP level 4. HP: 8/29 MP: 4/4
  1533 | D:2      | Reached skill level 3 in Maces & Flails
  1633 | D:2      | Found a glowing silver altar of Zin.
  1635 | D:2      | Found a radiant altar of Vehumet.
  2140 | D:2      | Reached XP level 5. HP: 11/34 MP: 5/5
  2488 | D:3      | Found a shadowy altar of Dithmenos.
  2529 | D:3      | Found a sacrificial altar of Ru.
  2530 | D:3      | Found a hide-covered altar of Uskayaw.
  2534 | D:3      | Found a shimmering altar of Xom.
  3253 | D:4      | Reached XP level 6. HP: 40/40 MP: 6/6
  3278 | D:4      | Reached skill level 5 in Fighting
  3278 | D:4      | Reached skill level 4 in Maces & Flails
  3278 | D:4      | Reached skill level 5 in Shields
  3481 | D:4      | Reached skill level 5 in Maces & Flails
  3710 | D:4      | Reached XP level 7. HP: 40/44 MP: 7/7
  3952 | D:4      | Reached skill level 6 in Maces & Flails
  4420 | D:5      | Entered Level 5 of the Dungeon
  4429 | D:5      | HP: 1/44 [ice beast (13)]
  4841 | D:5      | Reached skill level 7 in Maces & Flails
  5243 | D:4      | Reached XP level 8. HP: 49/49 MP: 8/8
  5730 | D:6      | Reached skill level 8 in Maces & Flails
  5902 | D:6      | Reached skill level 9 in Maces & Flails
  6060 | D:6      | Noticed Menkaure
  6076 | D:6      | Killed Menkaure
  6096 | D:6      | Reached skill level 10 in Maces & Flails
  6140 | D:6      | Found Uveawn's Jewellery Emporium.
  6195 | D:6      | Found a stormy altar of Qazlal.
  6472 | D:7      | Reached XP level 9. HP: 53/54 MP: 9/9
  6608 | D:7      | Found a staircase to the Ecumenical Temple.
  6612 | Temple   | Entered the Ecumenical Temple
  6652 | Temple   | Became a worshipper of Warmaster Okawaru
  7132 | D:7      | Found a basalt altar of Yredelemnul.
  7268 | D:7      | Found a white marble altar of Elyvilon.
  7323 | D:7      | Found a white marble altar of Elyvilon.
  7367 | D:8      | Noticed a troll
  7390 | D:7      | Killed a troll
  7390 | D:7      | Reached skill level 11 in Maces & Flails
  7584 | D:8      | Reached * piety under Okawaru
  7603 | D:8      | Reached skill level 12 in Maces & Flails
  8326 | D:9      | Found a shattered altar of Ashenzari.
  8367 | D:9      | Noticed a hornet
  8367 | D:9      | Killed from afar by an orc priest

Illustrated notes

Levels and vault maps discovered:
D:1:      minmay_arrival_diagonal_passages, layout_basic, skrybe_limestone_x,
          minmay_split_cup_large
D:2:      layout_basic, gammafunk_temple_overflow_forgotten,
          grunt_temple_overflow_open, uniq_robin
D:3:      layout_loops_cross, minitemple
D:4:      layout_basic
D:5:      layout_rooms, first_ration, minmay_misc_feat_rows,
          lemuel_flamethrower_1
D:6:      kennysheep_spiral_hall, layout_basic, old_standard_altar,
          serial_shops, nicolae_shop_behind_doors, uniq_menkaure
D:7:      layout_loops_ring, kennysheep_ying_yang,
          minmay_temple_entry_steel_oval, elyvilon_altar_3
D:8:      layout_basic
D:9:      layout_cross, old_standard_altar, ashenzari_altar_1,
          erik_lair_orcish_takeover, david_nohive_1, chequers_arboretum,
          lightli_church_of_beogh
Temple:   corrupted_temple

Skill      XL: |  1  2  3  4  5  6  7  8  9 |
---------------+----------------------------+-----
Shields        | 4 5 |  5.0
Fighting       | 4 5 |  5.0
Maces & Flails | 3 5 7 10 12 | 12.4
Armour         | |  3.2

Action                   |  1- 3 |  4- 6 |  7- 9 || total
-------------------------+-------+-------+-------++-------
Melee: Flail             |   124 |   164 |       ||   288
       Mace              |       |    76 |   514 ||   590
Evoke: Wand              |       |       |     1 ||     1
  Use: Potion            |       |       |     5 ||     5
       Scroll            |       |       |     3 ||     3
  Eat: Chunk             |     1 |     9 |    15 ||    25
Armor: Scale mail        |    89 |   107 |       ||   196
       Chain mail        |       |    73 |   342 ||   415
Dodge: Dodged            |    51 |    72 |   187 ||   310
       Repelled          |       |       |     4 ||     4
Block: Kite shield       |    99 |   113 |       ||   212
       Buckler           |       |    12 |   153 ||   165
